 Dungeon Crawl Stone Soup version 0.28-a0-1629-gf728b707aa (webtiles) character file.

Game seed: 14363943867426762213

114 Essalna the Digger (level 4, -1/30 HPs)
             Began as a Demonspawn Earth Elementalist on Jan 24, 2022.
             Slain by Grinder (9 damage)
             ... while paralysed by Grinder
             ... on level 3 of the Dungeon.
             The game lasted 00:06:22 (2863 turns).

Essalna the Digger (Demonspawn Earth Elementalist)  Turns: 2863, Time: 00:06:23

Health: -1/30      AC:  2    Str:  8    XL:     4   Next: 66%
Magic:  6/8        EV:  2    Int: 18    God:
Gold:   78         SH:  0    Dex: 14    Spells: 5/9 levels left

rFire   . . .      SeeInvis .   e - +0 dagger (venom)
rCold   . . .      Faith    .   (no shield)
rNeg    . . .      Spirit   .   b - +0 robe
rPois   .          Reflect  .   (no helmet)
rElec   .          Harm     .   (no cloak)
rCorr   .          Rampage  .   (no gloves)
Will    .....                   (no boots)
Stlth   ++........              m - amulet of magic regeneration
HPRegen 0.10/turn               (no ring)
MPRegen 0.62/turn               (no ring)

@: paralysed
A: magic regeneration, demonic touch 1
a: no special abilities


You were on level 3 of the Dungeon.
You visited 1 branch of the dungeon, and saw 3 of its levels.

You collected 78 gold pieces.

Inventory:

Hand Weapons
 a - a +0 short sword of venom
 e - a +0 dagger of venom (weapon)
Missiles
 c - 35 stones
Armour
 b - a +0 robe (worn)
Jewellery
 f - a ring of ice
 m - an amulet of magic regeneration (around neck)
Scrolls
 d - 2 scrolls of identify
 k - a scroll of teleportation
Potions
 g - a potion of brilliance
 h - a potion of attraction {unknown}
 i - a potion of heal wounds {unknown}
 j - a potion of ambrosia {unknown}
 n - a potion of degeneration {unknown}
 p - a potion of curing {unknown}


   Skills:
 - Level 1.7 Dodging
 - Level 1.7 Stealth
 + Level 3.3 Spellcasting
 + Level 1.4 Conjurations
 - Level 0.8 Transmutations
 + Level 3.8 Earth Magic


You had 5 spell levels left.
You knew the following spells:

 Your Spells              Type           Power      Damage    Failure   Level
a - Sandblast             Erth           32%        2d9       3%          1
b - Stone Arrow           Conj/Erth      24%        3d8       16%         3

Your spell library contained the following spells:

 Spells                   Type           Power      Damage    Failure   Level
 Passwall                 Tmut/Erth      9%         N/A       9%          2
 Mephitic Cloud           Conj/Pois/Air  4%         N/A       36%         3
 Ignite Poison            Fire/Tmut/Pois 4%         N/A       38%         3
 Petrify                  Tmut/Erth      11%        N/A       52%         4
 Freezing Cloud           Conj/Ice/Air   2%         6-21      98%         5


Dungeon Overview and Level Annotations

Branches:
Dungeon (3/15)

Altars:
Trog

Shops:
D:1 !   D:2 [

Annotations:
D:3 Grinder


Innate Abilities, Weirdness & Mutations

You regenerate magic rapidly.
Your touch may inflict minor irresistible damage on your foes.


Message History

Aim: Grinder (77% to hit)
The blast of sand hits Grinder.
Grinder is lightly wounded.
Casting: Sandblast (safe; 3% risk of failure)
Confirm with . or Enter, or press ? or * to list all spells.
Aiming: Sandblast (safe; 3% risk of failure)
Press: ? - help, Shift-Dir - straight line, f/p - Grinder
Aim: Grinder (lightly wounded, 77% to hit)
The blast of sand hits Grinder!
Grinder is moderately wounded.
Grinder hits you.
You writhe in agony.
Casting: Sandblast (safe; 3% risk of failure)
Confirm with . or Enter, or press ? or * to list all spells.
Aiming: Sandblast (safe; 3% risk of failure)
Press: ? - help, Shift-Dir - straight line, f/p - Grinder
Aim: Grinder (moderately wounded, 77% to hit)
The blast of sand hits Grinder!
Grinder is heavily wounded.
Grinder closely misses you.
Casting: Sandblast (safe; 3% risk of failure)
Confirm with . or Enter, or press ? or * to list all spells.
Aiming: Sandblast (safe; 3% risk of failure)
Press: ? - help, Shift-Dir - straight line, f/p - Grinder
Aim: Grinder (heavily wounded, 77% to hit)
The blast of sand hits Grinder!
Grinder is severely wounded.
Grinder gestures at you. Pain shoots through your body!
* * * LOW HITPOINT WARNING * * *
Casting: Sandblast (safe; 3% risk of failure)
Confirm with . or Enter, or press ? or * to list all spells.
Aiming: Sandblast (safe; 3% risk of failure)
Press: ? - help, Shift-Dir - straight line, f/p - Grinder
Aim: Grinder (severely wounded, 77% to hit)
The blast of sand hits Grinder but does no damage.
Grinder is severely wounded.
Grinder gestures at you.
You suddenly lose the ability to move!
Grinder hits you!
You die...

. #......# #.# . #......# #.# .
#..>...# #.# . #......# #.# .
#......# #.# .# #......#
#.####### .# #......# #........
.#####......#######..########..
............'..)@5..........>..
###.###.....########..##.......
# #.# #.....# #^.# .......
###'###..##.# #..# .####..
..'_'...###.# #..# .. .
#######.# #.# #..# .# # ### #.#
#.# #... .. # ### .# #. #.## .#
..... ...


You could see Grinder.

Vanquished Creatures
  A gnoll (D:1)
  4 adders
  5 orcs (D:3)
  3 endoplasms
  3 giant cockroaches
  9 goblins
  4 hobgoblins
  3 jackals (D:3)
  2 quokkas (D:1)
  5 ball pythons
  6 bats
  6 frilled lizards
  8 kobolds
  A rat (D:1)
60 creatures vanquished.

Notes
Turn   | Place    | Note
-------+----------+-------------------------------------------
     0 | D:1      | Essalna the Demonspawn Earth Elementalist began the quest
                  | for the Orb.
     0 | D:1      | Reached XP level 1. HP: 13/13 MP: 3/3
   506 | D:1      | Gained mutation: You regenerate magic rapidly. [demonic
                  | ancestry]
   506 | D:1      | Reached XP level 2. HP: 19/19 MP: 5/5
   572 | D:1      | Found Okaqiw's Distillery.
   700 | D:1      | Found a faded altar of an unknown god.
   768 | D:1      | Discovered your monstrous ancestry.
   768 | D:1      | Gained mutation: Your touch may inflict minor irresistible
                  | damage on your foes. [demonic ancestry]
   768 | D:1      | Reached XP level 3. HP: 24/24 MP: 7/7
  1266 | D:1      | Learned a level 3 spell: Stone Arrow
  1535 | D:2      | You fall into a shaft and drop 1 floor!
  1545 | D:3      | Noticed Grinder
  1800 | D:2      | Found Zeeqamy's Armour Boutique.
  1809 | D:2      | Reached XP level 4. HP: 27/30 MP: 8/8
  1978 | D:2      | Reached skill level 1 in Conjurations
  2791 | D:3      | Found a bloodstained altar of Trog.
  2862 | D:3      | Paralysed by Grinder for 5 turns
  2863 | D:3      | Slain by Grinder

Illustrated notes

Levels and vault maps discovered:
D:1:      dpeg_arrival_boxorama, layout_loops_ring, serial_shops,
          nicolae_shop_crystal, hellmonk_ecumenical_altar_arch_garden
D:2:      layout_rooms, serial_shops, shop
D:3:      layout_basic, lemuel_doored_altar, gup_sewer_entry_bubbles,
          minmay_misc_feat_encased, eino_tiny_chamber, nrook_mini_backslash,
          uniq_grinder

Skill      XL: |  1  2  3  4 |
---------------+-------------+-----
Earth Magic    | 3 |  3.8
Spellcasting   | 3 |  3.3
Conjurations   | 1 |  1.4
Dodging        | |  1.7
Stealth        | |  1.7
Transmutations | |  0.8

Action                   |  1- 3 |  4- 6 || total
-------------------------+-------+-------++-------
Melee: Short sword       |    18 |       ||    18
       Dagger            |    39 |    60 ||    99
       Punch             |     1 |     1 ||     2
       Touch             |     6 |    13 ||    19
 Cast: Sandblast         |    30 |     7 ||    37
  Use: Scroll            |     7 |       ||     7
 Stab: Sleeping          |     2 |     1 ||     3
Armor: Robe              |    24 |     8 ||    32
Dodge: Dodged            |    46 |    30 ||    76

Table legend: (Time is in decaauts)
 A = Elapsed time spent in this place.
 B = Non-inter-level travel time spent in this place.
 C = Inter-level travel time spent in this place.
 D = Time resting spent in this place.
 E = Time spent auto-exploring this place.
 F = Levels seen in this place.
 G = Mean time per level.
                   A        B        C        D        E       F      G
               +--------+--------+--------+--------+--------+-----+--------+
         Total |   2864 |   2811 |     53 |      0 |   2342 |   3 |  954.7 |
       Dungeon |   2864 |   2811 |     53 |      0 |   2342 |   3 |  954.7 |
               +--------+--------+--------+--------+--------+-----+--------+

Top non-repeatable levels by time:
     D:1: 1286 daAuts
     D:2: 824 daAuts
     D:3: 753 daAuts
